Cogmind - Beta 13 @@@ ROGUE MODE // 2024.05.19 @ 17:46:39 Player: Bace Troncons Result: Destroyed by PZ-MDQ(R) with Subdweller Laser Performance ------------- Evolutions (0) 0 Regions Visited (2) 400 Robots Destroyed (10) 50 Value Destroyed (251) 251 Prototype IDs (0) 0 Alien Tech Used (0) 0 Bonus (0) 0 TOTAL SCORE: 701 Bonus ------- None Cogmind --------- Core Integrity 0/250 Matter 250/300 Energy 100/100 System Corruption 0% Temperature Cool (6) Movement Walking (120) Location -10/Subcaves Parts ------- > --- POWER (1) -------- (None) > --- PROPULSION (2) --- Aluminum Leg > --- UTILITY (2) ------ Small Storage Unit > --- WEAPON (2) ------- (None) > --- INVENTORY (8) ---- Light Ion Engine Aluminum Leg Peak State ------------ > --- POWER ------------ Ion Engine > --- PROPULSION ------- Light Treads Light Treads > --- UTILITY ---------- Small Storage Unit > --- WEAPON ----------- Subdweller Machine Gun Grenade Launcher > --- INVENTORY -------- Light Ion Engine Aluminum Leg Aluminum Leg EM Pulse Gun [Rating: 7] Favorites ----------- Power Ion Engine Engine Ion Engine Propulsion Light Treads Treads Light Treads Leg Aluminum Leg Utility Small Storage Unit Storage Small Storage Unit Weapon EM Pulse Gun Energy Gun EM Pulse Gun Ballistic Gun Subdweller Machine Gun Launcher Grenade Launcher Build | -11 -10 -10 ------- Run | Yrd Mat Sub Slots Evolved . | . . . Power . | . . . Propulsion . | . . . Utility . | . . . Weapon . | . . . Parts Attached 11 | 6 2 3 Power 1 | 1 . . Engine 1 | 1 . . Core . | . . . Reactor . | . . . Propulsion 3 | 2 . 1 Treads 2 | 2 . . Leg 1 | . . 1 Wheel . | . . . Hover . | . . . Flight . | . . . Utility 1 | 1 . . Device . | . . . Storage 1 | 1 . . Processor . | . . . Hackware . | . . . Protection . | . . . Artifact . | . . . Weapon 6 | 2 2 2 Energy Gun 4 | 2 1 1 Energy Cannon . | . . . Ballistic Gun 1 | . . 1 Ballistic Cannon . | . . . Launcher 1 | . 1 . Special Weapon . | . . . Impact Weapon . | . . . Slashing Weapon . | . . . Piercing Weapon . | . . . Special Melee Weapon . | . . . Unidentified Prototypes . | . . . Parts Lost 8 | . 2 6 Power 1 | . . 1 Propulsion 2 | . . 2 Utility . | . . . Weapon 5 | . 2 3 Highest Loss Streak 6 | . 2 6 To Critical Strikes . | . . . Average Slot Usage (%) 75 | . 74 77 Engine 13 | . 14 12 Treads 23 | . 28 18 Leg 2 | . . 6 Storage 14 | . 14 14 Energy Gun 10 | . 15 2 Ballistic Gun 4 | . . 10 Launcher 6 | . 1 12 Naked Turns . | . . . Heaviest Build 17 | 14 15 17 Greatest Support 40 | 40 40 40 Greatest Overweight (x) . | . . . Average Overweight (x) . | . . . Largest Inventory Capacity 8 | 8 8 8 Average Capacity 7 | 7 8 8 Most Carried 4 | 3 3 4 Average Carried 2 | 1 3 3 Final Capacity 8 | 8 8 8 Final Carried 3 | 3 3 2 Class Distribution -------------------- 100% | Mutant Dominant Class ---------------- Mutant | -10/Materials Mutant | -10/Subcaves Resources | -11 -10 -10 ----------- Run | Yrd Mat Sub Matter Collected 302 | 260 10 32 Remotely . | . . . Salvage Created 384 | . 349 35 Parts 15 | . 13 2 Haulers Intercepted . | . . . Recyclers Shooed . | . . . Parts Field Recycled . | . . . Retrieved Matter . | . . . Parts Self-Destructed . | . . . Prevented . | . . . Kills | -11 -10 -10 ------- Run | Yrd Mat Sub Combat Hostiles Destroyed 8 | . 7 1 Guns 5 | . 4 1 AOE 3 | . 3 . Classes Destroyed 5 | . 4 1 Recycler 1 | . 1 . Watcher 1 | . 1 . Swarmer 3 | . 3 . Grunt 4 | . 4 . Subdweller 1 | . . 1 Best Kill Streak 7 | . 7 1 Combat Bots Only 5 | . 5 1 Max Kills in Single Turn 3 | . 3 1 Gunslinging . | . . . Exploded 2 | . 2 . Melee . | . . . Uniques/NPCs Destroyed . | . . . Combat | -11 -10 -10 -------- Run | Yrd Mat Sub Hostile Shots Fired 83 | . 58 25 Missed 21 | . 18 3 Damage Taken 1013 | . 525 488 Core 261 | . 111 150 Absorbed by Shields . | . . . Core Remaining (%) 100 | 100 . . Volleys Fired 43 | . 15 28 Largest 2 | . 2 1 Hottest 80 | . 80 40 Shots Fired 53 | . 25 28 Gun 50 | . 22 28 Cannon . | . . . Launcher 3 | . 3 . Special . | . . . Kinetic 21 | . . 21 Thermal . | . . . Explosive 3 | . 3 . Electromagnetic 29 | . 22 7 Robot Hit Streak 12 | . 8 12 Robot Miss Streak 2 | . 2 1 Penetration Max . | . . . Secondary Targets . | . . . Shots Hit Robots 33 | . 13 20 Core Hits 14 | . 12 2 Critical Kills . | . . . Critical Parts Destroyed . | . . . Critical Strikes . | . . . Melee Attacks . | . . . Impact . | . . . Slashing . | . . . Piercing . | . . . Sneak Attacks . | . . . Combat Hostiles . | . . . Follow-up Attacks . | . . . Damage Inflicted 930 | . 526 404 Guns 520 | . 175 345 Cannons . | . . . Explosions 409 | . 350 59 Melee . | . . . Ramming 1 | . 1 . Kinetic 269 | . . 269 Thermal 338 | . 279 59 Explosive 71 | . 71 . Electromagnetic 251 | . 175 76 Impact . | . . . Slashing . | . . . Piercing . | . . . Highest Corruption . | . . . Average Corruption . | . . . Corruption Purged . | . . . Corruption Blocked . | . . . Overload Shots . | . . . Overflow Damage 53 | . 27 26 Projectiles . | . . . Explosions 53 | . 27 26 Melee . | . . . Knockbacks . | . . . Impact . | . . . Kinetic . | . . . Secondary . | . . . Self-Inflicted Damage 85 | . 54 31 Shots 4 | . 3 1 Rammed 1 | . 1 . Targets Rammed 1 | . 1 . Kicked . | . . . Crushed . | . . . Highest Temperature 214 | . 214 . Average Temperature 83 | . 83 . Received Heat Transfer 378 | . 246 132 Siege Activations . | . . . Robots Corrupted . | . . . Combat Hostiles . | . . . Parts Fried . | . . . Impact Corruptions . | . . . Robots Melted . | . . . Combat Hostiles . | . . . Parts Melted 1 | . 1 . Heat Transferred 600 | . 550 50 Parts Sabotaged . | . . . Parts Stolen . | . . . Parts Stripped . | . . . Power Chain Reactions 3 | . 2 1 Alert | -11 -10 -10 ------- Run | Yrd Mat Sub Peak Influence 194 | . 194 . Initial . | . . . Average 64 | . 86 . Maximum Alert Level . | . . . Low Security (%) 100 | 100 100 . Level 1 . | . . . Level 2 . | . . . Level 3 . | . . . Level 4 . | . . . Level 5 . | . . . High Security . | . . . Max Security . | . . . Squads Dispatched 2 | . 2 . Investigation 1 | . 1 . Extermination . | . . . Reinforcement 1 | . 1 . Assault . | . . . Garrison . | . . . Intercept . | . . . Searches Triggered . | . . . Construction Impeded . | . . . Haulers Reinforced . | . . . Active Scanning Responses . | . . . Cargo Convoy Interrupts . | . . . Stealth | -11 -10 -10 --------- Run | Yrd Mat Sub Distress Signals 1 | . 1 . Communications Jammed . | . . . Distress Signals . | . . . Times Spotted 14 | . 12 2 Peak Tracking Total 8 | . 8 2 Tactical Retreats . | . . . Traps | -11 -10 -10 ------- Run | Yrd Mat Sub Traps Triggered 1 | . 1 . Indirectly . | . . . Trap Hack Attempts . | . . . Triggered . | . . . Disarmed . | . . . Reprogrammed . | . . . Reused . | . . . Traps Extracted . | . . . Installed . | . . . Triggered . | . . . Machines | -11 -10 -10 ---------- Run | Yrd Mat Sub Machines Disabled 1 | . 1 . Max in Single Turn 1 | . 1 . Machines Repaired . | . . . Machines Dismantled . | . . . Machines Sabotaged . | . . . Overloaded Fab Kills . | . . . Hacking | -11 -10 -10 --------- Run | Yrd Mat Sub Machines Accessed . | . . . Terminals . | . . . Fabricators . | . . . Repair Stations . | . . . Recycling Units . | . . . Scanalyzers . | . . . Garrison Access . | . . . Total Hacks . | . . . Successful . | . . . Failed . | . . . Catastrophic . | . . . Database Lockouts . | . . . Manual . | . . . Terminals . | . . . Fabricators . | . . . Repair Stations . | . . . Recycling Units . | . . . Scanalyzers . | . . . Garrison Access . | . . . Terminal Hacks . | . . . Fabricator Hacks . | . . . Repair Station Hacks . | . . . Recycling Unit Hacks . | . . . Scanalyzer . | . . . Garrison Access Hacks . | . . . Unauthorized Hacks . | . . . Terminals . | . . . Fabricators . | . . . Repair Stations . | . . . Recycling Units . | . . . Scanalyzers . | . . . Garrison Access . | . . . Data Cores Recovered . | . . . Used . | . . . Hacking Detections . | . . . Full Trace Events . | . . . Feedback Events . | . . . Feedback Blocked . | . . . Robot Schematics Acquired . | . . . Robots Built . | . . . Authchips . | . . . Time . | . . . Total Robot Build Rating . | . . . Part Schematics Acquired . | . . . Parts Built . | . . . Authchips . | . . . Time . | . . . Total Part Build Rating . | . . . Parts Repaired . | . . . Time . | . . . Parts Recycled . | . . . Recycled Matter . | . . . Retrieved Matter . | . . . Retrieved Components . | . . . Parts Scanalyzed . | . . . Part Schematics Acquired . | . . . Parts Damaged . | . . . Bothacking | -11 -10 -10 ------------ Run | Yrd Mat Sub Used RIF Installer . | . . . Robots Hacked . | . . . Non-combat . | . . . Combat . | . . . Robot Hacks Applied . | . . . Relay Couplers Released . | . . . Fabnet Peak Effective % . | . . . Robots Rewired . | . . . Allies Hacked . | . . . Hacks Repelled . | . . . Allies | -11 -10 -10 -------- Run | Yrd Mat Sub Total Allies . | . . . Largest Group . | . . . Highest-Rated Group . | . . . Highest-Rated Ally . | . . . Total Orders . | . . . Ally Attacks . | . . . Total Damage . | . . . Kills . | . . . Allies Corrupted . | . . . Allies Melted . | . . . Intel | -11 -10 -10 ------- Run | Yrd Mat Sub Robot Analysis Total . | . . . Derelict Logs Recovered . | . . . Drone Launches . | . . . Drone Recoveries . | . . . Exploration | -11 -10 -10 ------------- Run | Yrd Mat Sub Turns Passed 452 | 75 220 157 Spaces Moved 205 | 42 107 56 Core 3 | 3 . . Treads 191 | 39 107 45 Legs 11 | . . 11 Wheels . | . . . Hover . | . . . Flight . | . . . Fastest Speed 50 | 50 160 120 Average Speed 156 | 152 160 152 Slowest Speed 160 | 160 160 160 Overloaded Moves . | . . . Propulsion Burnouts . | . . . Robots Hopped . | . . . Cave-ins Triggered . | . . . Exploration Rate (%) 9 | 4 19 6 Regions Visited 2 Branch Regions 1 Pre-discovered Areas . | . . . Known Exits Taken . | . . . Unknown Exits Taken 2 | 1 1 . Scrap Searched 1 | . . 1 Spaces Dug . | . . . Terrain Destroyed 15 | . 11 4 Melee . | . . . Projectile . | . . . AOE 15 | . 11 4 Terrain Rammed . | . . . Walls Destroyed . | . . . Machines Disabled . | . . . Actions | -11 -10 -10 --------- Run | Yrd Mat Sub Total 279 | 50 129 100 Wait 17 | . 5 12 Move 203 | 41 106 56 Hop . | . . . Pick Up 3 | 3 . . Fast Attach 9 | 6 2 1 Attach 2 | . . 2 Detach 1 | . . 1 Swap . | . . . Drop . | . . . Fire 43 | . 15 28 Melee . | . . . Ram . | . . . Kick . | . . . Crush 1 | . 1 . Escape Stasis . | . . . Rewire . | . . . Trap . | . . . Miscellaneous . | . . . Route ------- -11/Scrapyard -10/Materials -10/Subcaves History --------- Turn | Location | Event 29 | -11/Scrapyard | Discovered new exit (range 15) 76 | -11/Scrapyard | Entered Materials 283 | -10/Materials | Discovered new exit (range 9) 296 | -10/Materials | Entered Subcaves 326 | -10/Subcaves | Build established: Mutant 429 | -10/Subcaves | Core integrity fell below 50% 439 | -10/Subcaves | Core integrity fell below 20% 453 | -10/Subcaves | Destroyed by PZ-MDQ(R) with Subdweller Laser Last Messages --------------- 00324_ Acquired 15 matter. 00385_ Lgt. Treads destroyed. 00397_ IY-S3G(R) destroyed. 00403_ Subatomizers dissect the Sub. Monowheel. 00409_ PZ-MDQ(R) affixes Scrap Shield Fragment to Scrap Shield. 00412_ Lgt. Treads destroyed. 00415_ PZ-MDQ(R) affixes Scrap Shield Fragment to Scrap Shield. 00416_ Subatomizers dissect the Sub. Monowheel. 00424_ Sub. Machine Gun destroyed. 00430_ Subatomizers dissect the Sub. Monowheel. 00430_ Chain reaction triggered in Sub. Power Source. 00430_ Grenade Launcher destroyed. 00430_ Destroyed Grenade Launcher. 00432_ PZ-MDQ(R) misfires. 00434_ Ion Engine destroyed. 00440_ EM Pulse Gun destroyed. 00453_ Subatomizers dissect the Sub. Monowheel. Map ----- +----------------------------------------------------+ | ????# ####" ### #??????????????? | | ????## % ##??#"" " #??????????????? | | ?????## ######???# " "" #??????????????? | | ?????# ?????????# """"##?????????????? | | ????# ??????????### """#?????????????? | | ??? ?????????????## "#?????????????? | | ??# ??????????????## ##?????????????? | | ??# ????????????????# #??????????????? | | ??# ?????????????????# ##??????????????? | | ?? ??????????????????## ##??????????????? | | ??????????????????????## ##?????????????? | | ??????????????????????#; #?????????????? | | ??????????????????????#;= #?????????????? | | ??????????????????????#; #?????????????? | | ?????????????????????## R;##?????????????? | | ?????????????????????# #??????????????? | | ?????????????????????## #??????????????? | | ??????????????????????## #??????????????? | | ??????????????????????# ##??????????????? | | ??????????????????????## ##?????????????? | | ???????????????????????# #?????????????? | | ???????????????????????# #?????????????? | | ???????????????????????## ##?????????????? | | ???????????????????????## ##??????????????? | | ??????????????????????## ###?????????????? | | ??????????????????????# @ #?????????????? | | ?????????????????????# ###?????????????? | | ?????????????????????# ##???????????????? | | ?????????????????????# ?????????????????? | | ?????????????????????# ?????????????????? | | ?????????????????????## ?????????????????? | | ??????????????????????## ?????????????????? | | ???????????????????????##?????????????????? | | ??????????????????????????????????????????? | | ??????????????????????????????????????????? | | ??????????????????????????????????????????? | | ??????????????????????????????????????????? | | ??????????????????????????????????????????? | | ??????????????????????????????????????????? | | ??????????????????????????????????????????? | | ??????????????????????????????????????????? | | ??????????????????????????????????????????? | | ??????????????????????????????????????????? | | ??????????????????????????????????????????? | | ??????????????????????????????????????????? | | ??????????????????????????????????????????? | | ??????????????????????????????????????????? | | ??????????????????????????????????????????? | | ??????????????????????????????????????????? | | ??????????????????????????????????????????? | +----------------------------------------------------+ Best States ------------- Heat Dissipation 25 Energy Generation 10 Energy Capacity 250 Matter Stores 300 Matter Capacity 300 Sight Range 16 Terrain Scan Density 10 Evasion (%) 50 Recoil Reduction 2 Item Schematics ----------------- None Robot Schematics ------------------ None Fabricated ------------ Nothing Alien Tech Used ----------------- None Achievements -------------- None Challenges ------------ None Game ------ Seed StormImprovedFirepult Manual? 0 Play Time 00:05:10 Cumulative 81.5 hours Start 2024.05.19 @ 17:42:24 End 2024.05.19 @ 17:46:39 Sessions 1 Manual Loads 0 Difficulty Rogue Special Mode None Game No. 129 Rogue 129 Adventurer 0 Explorer 0 Win Type - Total 1 Types 1/0/0/0/0/0/0/0/0 Lore% 40 Gallery% 43 Achievement% 32 Wizard Run 0 Options --------- Layout 1 ASCII 0 Keyboard 1 Movement Numpad Keybinds 0 Fullscreen 1 Font 24/Smallcaps Map View 50x35 Zoom Use 0% Tactical HUD 1 Map Filters NONE Filters NONE Steam 1 RUN: f477f27a-1366-4240-9ddb-5d9d9fd63972